 Dungeon Crawl Stone Soup version 0.30-a0-778-g2ef04afb54 (webtiles) character file.

Game seed: 3446027323055856386

326 mistaj the Trooper (level 6, 0/33 HPs)
             Began as a Vine Stalker Fighter on Feb 16, 2023.
             Was an Initiate of Gozag.
             Succumbed to a killer bee's poison
             ... on level 4 of the Dungeon.
             The game lasted 00:05:20 (2549 turns).

mistaj the Trooper (Vine Stalker Fighter)           Turns: 2549, Time: 00:05:21

Health: 0/33       AC:  7    Str: 23    XL:     6   Next: 49%
Magic:  3/16       EV: 15    Int: 12    God:    Gozag
Gold:   133        SH:  5    Dex: 13    Spells: 5/5 levels left

rFire   . . .      SeeInvis .    g - +2 long sword (holy)
rCold   . . .      Faith    .    c - +0 buckler
rNeg    . . .      Spirit   +    y - +2 ring mail of Good Intentions {Str+2 Int+4 Stlth+}
rPois   .          Reflect  .    (no helmet)
rElec   .          Harm     .    (no cloak)
rCorr   .          Rampage  .    (no gloves)
Will    .....                    (no boots)
Stlth   ++                       (no amulet)
HPRegen 1.05/turn                i - +5 ring of evasion
MPRegen 0.15/turn                v - ring of magical power

@: mighty, lethally poisoned (0 -> -8), gold aura
A: fangs 2, regeneration 1, magic shield, antimagic bite, no potion heal 2
a: Renounce Religion, Potion Petition, Call Merchant, Bribe Branch


You were on level 4 of the Dungeon.
You worshipped Gozag.
Gozag was aware of your devotion.
You visited 2 branches of the dungeon, and saw 5 of its levels.

You collected 174 gold pieces.
You paid 41 gold pieces to Gozag.

Inventory:

Hand Weapons
 a - a +0 whip
 g - a +2 long sword of holy wrath (weapon)
Armour
 c - a +0 buckler (worn)
 y - the +2 ring mail of Good Intentions (worn) {Str+2 Int+4 Stlth+}
   (You found it on level 4 of the Dungeon)

   Str:       It affects your strength (+2).
   Int:       It affects your intelligence (+4).
   Stlth:     It makes you more stealthy.
Jewellery
 i - a +5 ring of evasion (left hand)
 v - a ring of magical power (right hand)
 x - a ring of protection from fire
Scrolls
 h - a scroll of noise {unknown}
 k - 2 scrolls of identify {unknown}
 m - 2 scrolls of vulnerability {unknown}
 o - a scroll of poison {unknown}
 w - a scroll of enchant armour {unknown}
Potions
 b - a potion of berserk rage {unknown}
 d - a potion of might
 e - a potion of degeneration {unknown}
 f - 2 potions of attraction {unknown}
 j - a potion of flight {unknown}
 l - a potion of brilliance {unknown}
 n - 2 potions of curing {unknown}
 p - 2 potions of ambrosia {unknown}
 q - 2 potions of mutation {unknown}
 r - a potion of lignification {unknown}
 s - a potion of haste {unknown}
 t - 3 potions of heal wounds {unknown}


   Skills:
 + Level 4.0 Fighting
 + Level 2.9 Long Blades
 - Level 1.7(2.3) Axes
 + Level 2.2(2.5) Maces & Flails
 - Level 2.4 Armour
 + Level 3.9 Shields


You had 5 spell levels left.
You didn't know any spells.
Your spell library contained the following spells:

 Spells                   Type           Power      Damage    Failure   Level
 Call Canine Familiar     Summ           0%         N/A       90%         3
 Ignite Poison            Fire/Tmut/Pois 0%         N/A       90%         3
 Kindle Blastsparks       Fire/Tloc/Air  0%         2d10      90%         3
 Portal Projectile        Hex/Tloc       0%         N/A       90%         3
 Leda's Liquefaction      Hex/Erth       0%         N/A       100%        4
 Freezing Cloud           Conj/Ice/Air   0%         6-21      100%        5


Dungeon Overview and Level Annotations

Branches:
Dungeon (4/15)             Temple (1/1) D:4

Altars:
Cheibriados
Fedhas
Gozag
Kikubaaqudgha
Makhleb
Nemelex Xobeh
Okawaru
Qazlal
Ru
Sif Muna
Trog
Uskayaw
Wu Jian
Xom
Yredelemnul
Zin
The Shining One

Shops:
D:1 *!   D:2 *   D:3 *[


Innate Abilities, Weirdness & Mutations

You have extremely sharp teeth.
Your natural rate of healing is unusually fast.
When hurt, damage is shared between your health and your magic reserves.
Your bite disrupts and absorbs the magic of your enemies.
Potions cannot restore your health.


Message History

The killer bee is almost dead.
You feel sick. The killer bee misses you. The killer bee barely misses you.
You slash the killer bee!
You kill the killer bee!
You feel sick. The killer bee closely misses you. x2
Your Fighting skill increases to level 4!
You completely miss the killer bee.
You feel sick.
You are no longer poisoned.
The killer bee closely misses you. The killer bee completely misses you.
The killer bee closely misses you.
You hit the killer bee. Your bite misses the killer bee.
The killer bee is lightly wounded.
The killer bee stings you but does no damage.
You block the killer bee's attack.
You hit the killer bee. Your bite misses the killer bee.
The killer bee is moderately wounded.
The killer bee stings you but does no damage.
The killer bee completely misses you.
You barely miss the killer bee. Your bite misses the killer bee.
The killer bee is moderately wounded.
The killer bee stings you but does no damage.
The killer bee closely misses you. The killer bee misses you.
You barely miss the killer bee.
The killer bee is moderately wounded.
The killer bee barely misses you. The killer bee misses you.
The killer bee stings you.
* * * LOW HITPOINT WARNING * * *
You barely miss the killer bee.
The killer bee is moderately wounded.
The killer bee stings you.
* * * LOW HITPOINT WARNING * * *
You are poisoned.
The killer bee poisons you! The killer bee stings you.
* * * LOW HITPOINT WARNING * * *
You are lethally poisoned!
The killer bee poisons you!
You hit the killer bee. You bite the killer bee.
You kill the killer bee!
You die...
Your body crumbles into a pile of gold.

.........#####.
#.............#
###.
.............#
#...
.............#
#... ....##......#
#... .y. #......#
#... #y# #......#
#... #$# #......#
#...
#@####......###...
#.................
#################'
#. #. ##


You could see 2 killer bees.

Vanquished Creatures
  An ogre (D:4)
  Blork the orc (D:4)
  2 killer bees (D:4)
  An orc wizard (D:4)
  3 adders
  An ufetubus (D:4)
  A worm (D:2)
  A dart slug (D:3)
  6 orcs
  4 ball pythons
  5 endoplasms
  3 giant cockroaches
  6 goblins
  6 hobgoblins
  A jackal (D:1)
  8 kobolds
  3 quokkas
  5 bats
  3 frilled lizards (D:1)
  9 rats
70 creatures vanquished.

Vanquished Creatures (others)
  A plant (D:3)
1 creature vanquished.

Grand Total: 71 creatures vanquished

Notes
Turn   | Place    | Note
-------+----------+-------------------------------------------
     0 | D:1      | mistaj the Vine Stalker Fighter began the quest for the
                  | Orb.
     0 | D:1      | Reached XP level 1. HP: 11/11 MP: 2/2
    11 | D:1      | Found Boleh's Distillery.
   240 | D:1      | Reached XP level 2. HP: 16/16 MP: 3/3
   319 | D:1      | Reached skill level 1 in Long Blades
   357 | D:1      | Found Alycedaph's General Store.
   797 | D:1      | Reached skill level 3 in Fighting
   819 | D:1      | Reached XP level 3. HP: 20/20 MP: 4/4
  1152 | D:2      | Found Lafiuheth's General Store.
  1456 | D:3      | Gained mutation: Your natural rate of healing is unusually
                  | fast. [Vine Stalker growth]
  1456 | D:3      | Reached XP level 4. HP: 24/24 MP: 5/5
  1462 | D:3      | Found Behongow's Assorted Antiques.
  1522 | D:3      | Found a faded altar of an unknown god.
  1780 | D:3      | Found Muemnoucs's Antique Armour Shoppe.
  2008 | D:4      | Reached skill level 1 in Maces & Flails
  2024 | D:4      | Noticed an ogre
  2031 | D:4      | Killed an ogre
  2032 | D:4      | Reached XP level 5. HP: 28/28 MP: 6/6
  2131 | D:4      | Noticed Blork the orc
  2140 | D:4      | Killed Blork the orc
  2141 | D:4      | Reached XP level 6. HP: 30/33 MP: 7/7
  2187 | D:4      | Found a staircase to the Ecumenical Temple.
  2198 | Temple   | Entered the Ecumenical Temple
  2202 | Temple   | Became a worshipper of Gozag Ym Sagoz the Greedy
  2302 | D:4      | Identified the +2 ring mail of Good Intentions {Str+2 Int+4
                  | Stlth+}
  2543 | D:4      | Reached skill level 4 in Fighting
  2549 | D:4      | Succumbed to a killer bee's poison

Illustrated notes

Levels and vault maps discovered:
D:1:      dpeg_arrival_pond, layout_basic, serial_shops,
          nicolae_shop_hallway_stairs, nicolae_shop_competitors_out_of_business,
          minivault_25, minmay_domino_4
D:2:      layout_rooms, serial_shops, shop
D:3:      layout_rooms, hellmonk_ecumenical_altar_prayer_group, serial_shops,
          nicolae_shop_overgrown_old_shop, nicolae_shop_waterfront
D:4:      layout_basic, minmay_temple_entry_sparse_star, uniq_blork_the_orc
Temple:   sentei_temple_godly_chess

Skill      XL: |  1  2  3  4  5  6 |
---------------+-------------------+-----
Long Blades    | 1 2 |  2.9
Fighting       | 3 4 |  4.0
Shields        | 3 |  3.9
Maces & Flails | 1 2 |  2.2
Axes           | |  1.7
Armour         | |  2.4

Action                     |  1- 3 |  4- 6 || total
---------------------------+-------+-------++-------
  Melee: Long sword        |    76 |    88 ||   164
         War axe           |     3 |       ||     3
         Bite              |    13 |    18 ||    31
    Use: Potion            |       |     1 ||     1
 Armour: Scale mail        |    23 |     5 ||    28
         Plate armour      |       |    22 ||    22
         Ring mail         |       |     5 ||     5
  Dodge: Dodged            |    49 |    66 ||   115
  Block: Buckler           |    22 |    16 ||    38

Table legend: (Time is in decaauts)
 A = Elapsed time spent in this place.
 B = Non-inter-level travel time spent in this place.
 C = Inter-level travel time spent in this place.
 D = Time resting spent in this place.
 E = Time spent auto-exploring this place.
 F = Levels seen in this place.
 G = Mean time per level.
                   A        B        C        D        E       F      G
               +--------+--------+--------+--------+--------+-----+--------+
         Total |   2605 |   2545 |     60 |    301 |   1524 |   5 |  521.0 |
       Dungeon |   2596 |   2539 |     57 |    301 |   1524 |   4 |  649.0 |
        Temple |      8 |      5 |      3 |      0 |      0 |   1 |    8.0 |
               +--------+--------+--------+--------+--------+-----+--------+

Top non-repeatable levels by time:
     D:1: 1060 daAuts
     D:4: 612 daAuts
     D:3: 509 daAuts
     D:2: 414 daAuts
  Temple: 8 daAuts
